BlackHawks vs Flames

Created - December-01-12 at 14:10

Goals
1 2 3 T
BlackHawks 0 0 0 0
Flames 6 0 2 8
Shots
1 2 3 T
BlackHawks 8 8 1 17
Flames 7 5 10 22

1st period

1. Flames , Ryan Kesler 9 (Dan Boyle, Bryce Salvador) at 0:19
2. Flames , Michael Ryder 5 (Jack Johnson, Toni Lydman) at 0:53
3. Flames , Ryan Kesler 10 (Dan Boyle) at 1:13
4. Flames , Michael Ryder 6 (Ryan Kesler, Dan Boyle) at 9:05
5. Flames , Tomas Kopecky 4 (Shawn Horcoff, Jack Johnson) at 9:26
6. Flames , Michael Ryder 7 (Jack Johnson, Ryan Kesler) at 13:53

Penalties :
Dustin Brown (CGY) for Holding (Minor) at 0:07, Zach Parise (CHI) for Cross-checking (Minor) at 0:07, Brett Clark (CHI) for Interference (Minor) at 5:45, Dustin Brown (CGY) for High sticking (Minor) at 9:53, Erik Johnson (CGY) for Tripping (Minor) at 18:32

2nd period

No Goal

Penalties :
No Penalty

3rd period

7. Flames , Dan Boyle 5 (Ryan Kesler) at 2:32 (PP)
8. Flames , Michael Ryder 8 (Dan Boyle, Ryan Kesler) at 5:22 (PP)

Penalties :
Mark Eaton (CHI) for Butt-ending (Major / Game Misconduct) at 0:31, Mikael Samuelsson (CGY) for Goalie Interference (Minor) at 9:47

Goalie Stats

Jose Theodore (CHI), 7 saves from 11 shots - (0.636), 36:17 minutes
Martin Brodeur (CHI), 7 saves from 11 shots - (0.636), L, 5-6-0, 23:43 minutes
Miikka Kiprusoff (CGY), 17 saves from 17 shots - (1.000), W, 11-11-3, 60:00 minutes

Players Stats for BlackHawks

Player Name              G  A  P  +/- PIM S  H  SB GA TA FO     MP     PP MP  PK MP  
------------------------------------------------------------------------------------
Anton Babchuk            0  0  0  -1  0   1  1  0  0  0  0/0    18:42   0:35   2:59 
Brett Clark              0  0  0  -2  2   1  5  1  0  0  0/0    21:28   2:48   2:16 
Bryan Little             0  0  0  -3  0   1  1  0  0  0  1/2    23:05   3:33   3:40 
Daniel Paille            0  0  0   0  0   0  0  0  0  0  0/0     3:44   0:00   0:50 
Darren Helm              0  0  0  -3  0   2  1  0  0  0  6/13   19:49   2:24   1:51 
Davis Drewiske           0  0  0   0  0   0  0  1  0  0  0/0     1:20   0:00   0:00 
Jack Hillen              0  0  0  -1  0   1  1  1  0  0  0/0    17:00   1:15   0:59 
Jamie McGinn             0  0  0  -2  0   0  2  0  0  0  0/1    17:24   2:24   0:00 
Jay McClement            0  0  0   0  0   1  0  0  0  0  0/0     3:31   0:00   0:00 
Louis Leblanc            0  0  0   0  0   1  4  0  0  0  1/1    13:36   0:00   0:00 
Mark Eaton               0  0  0  -2  15  0  2  0  0  0  0/0    14:11   2:01   0:50 
Mathieu Darche           0  0  0   0  0   0  1  0  0  0  1/1    15:03   0:00   1:27 
P.K. Subban              0  0  0  -3  0   1  0  3  0  0  0/0    25:49   2:34   3:45 
Robyn Regehr             0  0  0  -3  0   1  2  1  0  0  0/0    20:37   2:41   3:07 
Samuel Pahlsson          0  0  0  -2  0   2  1  0  0  0  12/19  15:01   0:00   0:00 
Simon Gagne              0  0  0  -2  0   1  0  1  0  0  4/4    20:11   3:33   2:28 
Tyler Kennedy            0  0  0  -2  0   1  1  0  0  0  0/2    17:24   2:24   0:00 
Zach Parise              0  0  0  -1  2   3  3  1  0  0  7/22   23:05   3:33   3:40 

Players Stats for Flames

Player Name              G  A  P  +/- PIM S  H  SB GA TA FO     MP     PP MP  PK MP  
------------------------------------------------------------------------------------
Andrew MacDonald         0  0  0   0  0   0  0  1  0  0  0/0    10:32   0:00   0:00 
Bryce Salvador           0  1  1   3  0   1  3  0  0  0  0/0    23:27   3:42   2:37 
Cody Hodgson             0  0  0   0  0   1  0  0  0  0  1/2     3:20   0:00   0:33 
Dan Boyle                1  4  5   3  0   1  1  0  0  0  0/0    23:35   3:50   2:37 
David Jones              0  0  0   0  0   0  4  0  0  0  1/2    13:11   0:00   0:00 
Dustin Brown             0  0  0   2  4   2  3  0  0  0  2/5    23:26   3:42   3:01 
Erik Johnson             0  0  0   0  2   0  3  0  0  0  0/0    10:39   0:08   0:00 
Jack Johnson             0  3  3   3  0   0  0  1  0  0  0/0    19:36   3:08   3:20 
Jake Gardiner            0  0  0   0  0   0  0  0  0  0  0/0     6:17   0:00   0:00 
Jakub Kindl              0  0  0   0  0   0  0  0  0  0  0/0     6:17   0:00   0:00 
Michael Grabner          0  0  0   0  0   1  0  0  0  0  3/4    14:54   0:00   1:43 
Michael Ryder            4  0  4   3  0   5  0  0  0  0  0/2    19:43   3:42   1:15 
Mikael Samuelsson        0  0  0   2  2   1  2  0  0  0  1/1    19:44   3:08   0:39 
Pierre-Marc Bouchard     0  0  0   2  0   0  1  0  0  0  5/14   14:51   0:08   0:21 
Ryan Kesler              2  4  6   4  0   4  2  0  0  0  10/20  25:50   3:42   4:12 
Shawn Horcoff            0  1  1   1  0   2  0  0  0  0  10/15  18:36   3:16   0:10 
Tomas Kopecky            1  0  1   1  0   4  0  0  0  0  0/0    18:26   3:16   0:00 
Toni Lydman              0  1  1   3  0   0  0  2  0  0  0/0    19:36   3:08   3:20 

3 Stars

1 - Ryan Kesler (CGY)
2 - Michael Ryder (CGY)
3 - Dan Boyle (CGY)

Power Play

BlackHawks - 0 on 3 Attempt(s) - 0.00%
Flames - 2 on 2 Attempt(s) - 100.00%

Penalty Kill

BlackHawks - 0 on 2 Attempt(s) - 0.00% - Score 0 goal in Penalty Kill
Flames - 3 on 3 Attempt(s) - 100.00% - Score 0 goal in Penalty Kill

Official

Referees : Tom Kowal and Francis Charron
Linesman : Mike Cvik and Derek Nansen

Game Notes

Davis Drewiske is injured at 5:10 of 1st period (Bruised Right Shoulder)
Jose Theodore enters game at 9:05 of 1st period
Michael Ryder has scored a Hat Trick!
Mark Eaton ejected from game at 0:31 of 3rd period
Martin Brodeur enters game at 5:22 of 3rd period

Finance

Level 1 -- Attendance: 3995 (61.46%) -- Ticket Income $659,175
Level 2 -- Attendance: 3028 (60.56%) -- Ticket Income $378,500
Level 3 -- Attendance: 2513 (71.80%) -- Ticket Income $201,040
Level 4 -- Attendance: 2837 (86.26%) -- Ticket Income $141,850
Luxury Box -- Attendance: 488 (48.80%) -- Ticket Income $219,600
Game was played at the ScotiaBank Saddledome
Total Attendance: 12861 (66.68%)
Total Ticket Income: $1,600,165
Other Income: $240,025
Total Income: $1,840,190


% Time on Ice - BlackHawks

Lines # - Real PCT - Wanted PCT - Time Play
Normal Forward
1 - 30% - 40% - 13:36
2 - 33% - 30% - 15:00
3 - 30% - 20% - 13:36
4 - 6% - 10% - 2:54
Normal Defense
1 - 26% - 40% - 11:42
2 - 33% - 30% - 14:52
3 - 17% - 20% - 7:29
4 - 25% - 10% - 11:03
PP Forward
1 - 60% - 60% - 3:33
2 - 40% - 40% - 2:24
PP Defense
1 - 43% - 60% - 2:34
2 - 57% - 40% - 3:23
PK Forward
1 - 73% - 60% - 5:07
2 - 27% - 40% - 1:51
PK Defense
1 - 45% - 60% - 3:07
2 - 55% - 40% - 3:51
PK3 Forward
1 - 0% - 60%
2 - 0% - 40%
PK3 Defense
1 - 0% - 60%
2 - 0% - 40%
44 Forward
1 - 71% - 60% - 1:25
2 - 29% - 40% - 0:34
44 Defense
1 - 71% - 60% - 1:25
2 - 29% - 40% - 0:34
Last Minute Offensive  - 0:00
Last Minute Defensive  - 0:00
Total
Forward - 60:00
Defense - 60:00

% Time on Ice - Flames

Lines # - Real PCT - Wanted PCT - Time Play
Normal Forward
1 - 31% - 40% - 13:58
2 - 34% - 30% - 15:10
3 - 29% - 20% - 13:11
4 - 6% - 10% - 2:47
Normal Defense
1 - 35% - 40% - 15:57
2 - 27% - 30% - 12:20
3 - 23% - 20% - 10:32
4 - 14% - 10% - 6:17
PP Forward
1 - 53% - 60% - 3:42
2 - 47% - 40% - 3:16
PP Defense
1 - 55% - 60% - 3:50
2 - 45% - 40% - 3:08
PK Forward
1 - 79% - 60% - 4:42
2 - 21% - 40% - 1:15
PK Defense
1 - 44% - 60% - 2:37
2 - 56% - 40% - 3:20
PK3 Forward
1 - 0% - 60%
2 - 0% - 40%
PK3 Defense
1 - 0% - 60%
2 - 0% - 40%
44 Forward
1 - 60% - 60% - 1:11
2 - 40% - 40% - 0:48
44 Defense
1 - 60% - 60% - 1:11
2 - 40% - 40% - 0:48
Last Minute Offensive  - 0:00
Last Minute Defensive  - 0:00
Total
Forward - 60:00
Defense - 60:00

Play by Play

1st period


0:01 of 1st period - Ryan Kesler wins face-off versus Zach Parise in neutral zone.
0:01 of 1st period - Dustin Brown is hit by Bryan Little and loses puck.
0:07 of 1st period - Minor Penalty to Dustin Brown for Holding.
0:07 of 1st period - Minor Penalty to Zach Parise for Cross-checking.
0:08 of 1st period - Samuel Pahlsson wins face-off versus Pierre-Marc Bouchard in neutral zone.
0:08 of 1st period - Samuel Pahlsson is hit by Ryan Kesler.
0:19 of 1st period - Shot by Ryan Kesler.
0:19 of 1st period - Goal by Ryan Kesler - BlackHawks : 0 - Flames : 1.
0:20 of 1st period - Simon Gagne wins face-off versus Michael Ryder in neutral zone.
0:20 of 1st period - Mark Eaton is hit by Mikael Samuelsson and loses puck.
0:33 of 1st period - Shot by Michael Ryder.
0:33 of 1st period - Shot Blocked by Brett Clark.
0:35 of 1st period - Shot by Michael Ryder.
0:35 of 1st period - Shot Misses the Net.
0:53 of 1st period - Shot by Michael Ryder.
0:53 of 1st period - Goal by Michael Ryder - BlackHawks : 0 - Flames : 2.
0:54 of 1st period - Pierre-Marc Bouchard wins face-off versus Samuel Pahlsson in neutral zone.
1:13 of 1st period - Shot by Ryan Kesler.
1:13 of 1st period - Goal by Ryan Kesler - BlackHawks : 0 - Flames : 3.
1:14 of 1st period - Samuel Pahlsson wins face-off versus Pierre-Marc Bouchard in neutral zone.
1:41 of 1st period - Bryan Little is hit by Ryan Kesler and loses puck.
2:07 of 1st period - Michael Ryder is hit by Brett Clark and loses puck.
2:22 of 1st period - Shawn Horcoff is hit by Brett Clark and loses puck.
2:37 of 1st period - Shot by Darren Helm.
2:37 of 1st period - Shot Misses the Net.
2:39 of 1st period - Shot by Darren Helm.
2:39 of 1st period - Shot Blocked by Andrew MacDonald.
3:11 of 1st period - Dustin Brown is hit by Jack Hillen and loses puck.
3:27 of 1st period - Shot by Anton Babchuk.
3:27 of 1st period - Stopped by Miikka Kiprusoff with a rebound.
3:29 of 1st period - Shot by Jack Hillen.
3:29 of 1st period - Stopped by Miikka Kiprusoff with a rebound.
4:05 of 1st period - Icing by Mathieu Darche.
4:06 of 1st period - Pierre-Marc Bouchard wins face-off versus Samuel Pahlsson in BlackHawks zone.
4:28 of 1st period - Shot by Louis Leblanc.
4:28 of 1st period - Stopped by Miikka Kiprusoff with a rebound.
5:10 of 1st period - Shot by Tomas Kopecky.
5:10 of 1st period - Shot Blocked by Davis Drewiske.
5:10 of 1st period - Davis Drewiske from BlackHawks is injured at 5:10 of 1st period (Bruised Right Shoulder).
5:11 of 1st period - Mikael Samuelsson wins face-off versus Zach Parise in BlackHawks zone.
5:11 of 1st period - Shawn Horcoff is hit by Mark Eaton and loses puck.
5:15 of 1st period - Tomas Kopecky is hit by Mark Eaton and loses puck.
5:38 of 1st period - Shot by Tomas Kopecky.
5:38 of 1st period - Shot Misses the Net.
5:40 of 1st period - Shot by Tomas Kopecky.
5:40 of 1st period - Shot Blocked by Simon Gagne.
5:45 of 1st period - Minor Penalty to Brett Clark for Interference.
5:46 of 1st period - Ryan Kesler wins face-off versus Zach Parise in BlackHawks zone.
5:53 of 1st period - Shot by Dan Boyle.
5:53 of 1st period - Shot Blocked by P.K. Subban.
7:15 of 1st period - Icing by Toni Lydman.
7:16 of 1st period - Shawn Horcoff wins face-off versus Zach Parise in Flames zone.
7:23 of 1st period - Shot by Jack Johnson.
7:23 of 1st period - Shot Blocked by Zach Parise.
7:40 of 1st period - Icing by Michael Ryder.
7:41 of 1st period - Simon Gagne wins face-off versus Ryan Kesler in Flames zone.
7:46 of 1st period - Shot by Simon Gagne.
7:46 of 1st period - Stopped by Miikka Kiprusoff without a rebound.
7:47 of 1st period - Darren Helm wins face-off versus Pierre-Marc Bouchard in Flames zone.
8:10 of 1st period - Off-side.
8:11 of 1st period - Samuel Pahlsson wins face-off versus Ryan Kesler in neutral zone.
8:13 of 1st period - Brett Clark is hit by Bryce Salvador and loses puck.
8:37 of 1st period - Icing by Mark Eaton.
8:38 of 1st period - Louis Leblanc wins face-off versus Shawn Horcoff in BlackHawks zone.
8:47 of 1st period - Shot by Samuel Pahlsson.
8:47 of 1st period - Stopped by Miikka Kiprusoff with a rebound.
8:49 of 1st period - Shot by Louis Leblanc.
8:49 of 1st period - Deflect By Samuel Pahlsson.
8:49 of 1st period - Stopped by Miikka Kiprusoff without a rebound.
8:50 of 1st period - Ryan Kesler wins face-off versus Zach Parise in Flames zone.
8:50 of 1st period - Ryan Kesler is hit by Zach Parise.
9:05 of 1st period - Shot by Ryan Kesler.
9:05 of 1st period - Deflect By Michael Ryder.
9:05 of 1st period - Goal by Michael Ryder - BlackHawks : 0 - Flames : 4.
9:05 of 1st period - Jose Theodore enters game.
9:06 of 1st period - Shawn Horcoff wins face-off versus Darren Helm in neutral zone.
9:14 of 1st period - Shawn Horcoff is hit by Tyler Kennedy.
9:24 of 1st period - Shot by Shawn Horcoff.
9:24 of 1st period - Shot Blocked by Jack Hillen.
9:26 of 1st period - Shot by Tomas Kopecky.
9:26 of 1st period - Goal by Tomas Kopecky - BlackHawks : 0 - Flames : 5.
9:27 of 1st period - Zach Parise wins face-off versus Ryan Kesler in neutral zone.
9:29 of 1st period - P.K. Subban is hit by Dan Boyle and loses puck.
9:53 of 1st period - Minor Penalty to Dustin Brown for High sticking.
9:54 of 1st period - Michael Grabner wins face-off versus Jamie McGinn in Flames zone.
10:29 of 1st period - Shot by Michael Grabner.
10:29 of 1st period - Shot Misses the Net.
10:31 of 1st period - Shot by Ryan Kesler.
10:31 of 1st period - Stopped by Jose Theodore without a rebound.
10:32 of 1st period - Zach Parise wins face-off versus Cody Hodgson in BlackHawks zone.
11:07 of 1st period - Icing by Zach Parise.
11:08 of 1st period - Zach Parise wins face-off versus Michael Ryder in BlackHawks zone.
11:57 of 1st period - Samuel Pahlsson is hit by Erik Johnson and loses puck.
12:12 of 1st period - Shot by Michael Grabner.
12:12 of 1st period - Shot Misses the Net.
12:22 of 1st period - Michael Grabner is hit by Mathieu Darche and loses puck.
13:06 of 1st period - Shot by Mikael Samuelsson.
13:06 of 1st period - Shot Misses the Net.
13:53 of 1st period - Shot by Michael Ryder.
13:53 of 1st period - Goal by Michael Ryder - BlackHawks : 0 - Flames : 6.
13:54 of 1st period - Cody Hodgson wins face-off versus Zach Parise in neutral zone.
14:10 of 1st period - Shot by Zach Parise.
14:10 of 1st period - Stopped by Miikka Kiprusoff without a rebound.
14:11 of 1st period - Samuel Pahlsson wins face-off versus Pierre-Marc Bouchard in Flames zone.
14:35 of 1st period - Shot by Louis Leblanc.
14:35 of 1st period - Shot Misses the Net.
16:16 of 1st period - Shot by Tyler Kennedy.
16:16 of 1st period - Stopped by Miikka Kiprusoff with a rebound.
16:23 of 1st period - Darren Helm is hit by Erik Johnson.
16:40 of 1st period - Mikael Samuelsson is hit by Zach Parise and loses puck.
16:49 of 1st period - Shot by Jay McClement.
16:49 of 1st period - Shot Misses the Net.
17:29 of 1st period - Louis Leblanc is hit by Mikael Samuelsson and loses puck.
17:38 of 1st period - Shot by Samuel Pahlsson.
17:38 of 1st period - Shot Misses the Net.
18:32 of 1st period - Minor Penalty to Erik Johnson for Tripping.
18:33 of 1st period - Dustin Brown wins face-off versus Darren Helm in Flames zone.
18:33 of 1st period - Dustin Brown is hit by Jamie McGinn.
19:22 of 1st period - Simon Gagne is hit by Bryce Salvador and loses puck.

2nd period


0:01 of 2nd period - Ryan Kesler wins face-off versus Zach Parise in neutral zone.
0:24 of 2nd period - Shot by P.K. Subban.
0:24 of 2nd period - Stopped by Miikka Kiprusoff without a rebound.
0:25 of 2nd period - Darren Helm wins face-off versus Dustin Brown in Flames zone.
1:17 of 2nd period - Icing by Jack Hillen.
1:18 of 2nd period - Samuel Pahlsson wins face-off versus Ryan Kesler in BlackHawks zone.
1:35 of 2nd period - Shot by Zach Parise.
1:35 of 2nd period - Shot Misses the Net.
1:37 of 2nd period - Shot by Robyn Regehr.
1:37 of 2nd period - Stopped by Miikka Kiprusoff with a rebound.
2:03 of 2nd period - Shot by Zach Parise.
2:03 of 2nd period - Stopped by Miikka Kiprusoff without a rebound.
2:04 of 2nd period - Shawn Horcoff wins face-off versus Tyler Kennedy in Flames zone.
2:04 of 2nd period - Shawn Horcoff is hit by Darren Helm.
2:38 of 2nd period - Shot by Tomas Kopecky.
2:38 of 2nd period - Stopped by Jose Theodore without a rebound.
2:39 of 2nd period - Zach Parise wins face-off versus David Jones in BlackHawks zone.
2:39 of 2nd period - Zach Parise is hit by David Jones.
2:47 of 2nd period - Michael Grabner is hit by Zach Parise and loses puck.
4:37 of 2nd period - Shot by Tyler Kennedy.
4:37 of 2nd period - Shot Misses the Net.
4:39 of 2nd period - Shot by Darren Helm.
4:39 of 2nd period - Shot Misses the Net.
4:49 of 2nd period - Dan Boyle is hit by Louis Leblanc and loses puck.
5:49 of 2nd period - Shot by Jay McClement.
5:49 of 2nd period - Stopped by Miikka Kiprusoff without a rebound.
5:50 of 2nd period - Darren Helm wins face-off versus Shawn Horcoff in Flames zone.
7:16 of 2nd period - Shot by Zach Parise.
7:16 of 2nd period - Shot Misses the Net.
7:18 of 2nd period - Shot by Brett Clark.
7:18 of 2nd period - Shot Misses the Net.
8:27 of 2nd period - Tomas Kopecky is hit by Robyn Regehr and loses puck.
8:33 of 2nd period - Icing by Robyn Regehr.
8:34 of 2nd period - Samuel Pahlsson wins face-off versus Pierre-Marc Bouchard in BlackHawks zone.
8:34 of 2nd period - Samuel Pahlsson is hit by David Jones.
8:37 of 2nd period - Icing by Louis Leblanc.
8:38 of 2nd period - Pierre-Marc Bouchard wins face-off versus Samuel Pahlsson in BlackHawks zone.
8:38 of 2nd period - Pierre-Marc Bouchard is hit by Robyn Regehr.
8:44 of 2nd period - Shot by David Jones.
8:44 of 2nd period - Deflect By Michael Grabner.
8:44 of 2nd period - Shot Misses the Net.
9:05 of 2nd period - Shot by Michael Grabner.
9:05 of 2nd period - Shot Misses the Net.
9:08 of 2nd period - Icing by Mark Eaton.
9:09 of 2nd period - Shawn Horcoff wins face-off versus Zach Parise in BlackHawks zone.
13:21 of 2nd period - Robyn Regehr is hit by Dustin Brown and loses puck.
13:32 of 2nd period - Shot by Ryan Kesler.
13:32 of 2nd period - Stopped by Jose Theodore without a rebound.
13:33 of 2nd period - Michael Grabner wins face-off versus Zach Parise in BlackHawks zone.
14:24 of 2nd period - Icing by Zach Parise.
14:25 of 2nd period - Shawn Horcoff wins face-off versus Zach Parise in BlackHawks zone.
15:06 of 2nd period - Shot by Jamie McGinn.
15:06 of 2nd period - Shot Misses the Net.
15:18 of 2nd period - Shot by Darren Helm.
15:18 of 2nd period - Stopped by Miikka Kiprusoff without a rebound.
15:19 of 2nd period - Ryan Kesler wins face-off versus Samuel Pahlsson in Flames zone.
15:19 of 2nd period - Dustin Brown is hit by Louis Leblanc and loses puck.
15:31 of 2nd period - Icing by Dustin Brown.
15:32 of 2nd period - Samuel Pahlsson wins face-off versus Ryan Kesler in Flames zone.
15:41 of 2nd period - Icing by Brett Clark.
15:42 of 2nd period - Samuel Pahlsson wins face-off versus Pierre-Marc Bouchard in BlackHawks zone.
15:42 of 2nd period - Samuel Pahlsson is hit by Pierre-Marc Bouchard.
15:45 of 2nd period - Brett Clark is hit by David Jones.
15:47 of 2nd period - Shot by Samuel Pahlsson.
15:47 of 2nd period - Shot Misses the Net.
15:49 of 2nd period - Shot by Mathieu Darche.
15:49 of 2nd period - Shot Misses the Net.
15:51 of 2nd period - Shot by Brett Clark.
15:51 of 2nd period - Stopped by Miikka Kiprusoff without a rebound.
15:52 of 2nd period - Zach Parise wins face-off versus Ryan Kesler in Flames zone.
16:33 of 2nd period - Shot by Zach Parise.
16:33 of 2nd period - Shot Misses the Net.
16:56 of 2nd period - Tyler Kennedy is hit by Bryce Salvador and loses puck.
17:00 of 2nd period - Icing by Dan Boyle.
17:01 of 2nd period - Ryan Kesler wins face-off versus Samuel Pahlsson in Flames zone.
17:14 of 2nd period - Jack Johnson is hit by Louis Leblanc and loses puck.
17:59 of 2nd period - Shot by Darren Helm.
17:59 of 2nd period - Stopped by Miikka Kiprusoff without a rebound.
18:00 of 2nd period - Zach Parise wins face-off versus Pierre-Marc Bouchard in Flames zone.
18:13 of 2nd period - Shot by Bryan Little.
18:13 of 2nd period - Stopped by Miikka Kiprusoff without a rebound.
18:14 of 2nd period - Darren Helm wins face-off versus Pierre-Marc Bouchard in Flames zone.
18:30 of 2nd period - Jakub Kindl is hit by Jamie McGinn and loses puck.
18:34 of 2nd period - Jakub Kindl is hit by Anton Babchuk and loses puck.
18:40 of 2nd period - Icing by Anton Babchuk.
18:41 of 2nd period - Darren Helm wins face-off versus Dustin Brown in BlackHawks zone.
18:58 of 2nd period - Shot by Dustin Brown.
18:58 of 2nd period - Shot Misses the Net.
19:00 of 2nd period - Shot by Bryce Salvador.
19:00 of 2nd period - Stopped by Jose Theodore without a rebound.
19:01 of 2nd period - Shawn Horcoff wins face-off versus Zach Parise in BlackHawks zone.
19:04 of 2nd period - Shot by Tomas Kopecky.
19:04 of 2nd period - Stopped by Jose Theodore without a rebound.
19:05 of 2nd period - Bryan Little wins face-off versus Ryan Kesler in BlackHawks zone.
19:11 of 2nd period - P.K. Subban is hit by Dustin Brown and loses puck.
19:46 of 2nd period - Shot by Michael Ryder.
19:46 of 2nd period - Shot Blocked by Robyn Regehr.
19:48 of 2nd period - Shot by Michael Ryder.
19:48 of 2nd period - Stopped by Jose Theodore with a rebound.

3rd period


0:01 of 3rd period - Simon Gagne wins face-off versus Ryan Kesler in neutral zone.
0:01 of 3rd period - Zach Parise is hit by Dustin Brown.
0:03 of 3rd period - Shot by P.K. Subban.
0:03 of 3rd period - Shot Misses the Net.
0:16 of 3rd period - Off-side.
0:17 of 3rd period - Shawn Horcoff wins face-off versus Darren Helm in neutral zone.
0:31 of 3rd period - Major / Game Misconduct Penalty to Mark Eaton for Butt-ending.
0:31 of 3rd period - Mark Eaton is ejected from game.
0:32 of 3rd period - Ryan Kesler wins face-off versus Bryan Little in BlackHawks zone.
1:00 of 3rd period - Shot by Dan Boyle.
1:00 of 3rd period - Shot Misses the Net.
1:12 of 3rd period - Shot by Michael Ryder.
1:12 of 3rd period - Shot Misses the Net.
2:32 of 3rd period - Shot by Dan Boyle.
2:32 of 3rd period - Goal by Dan Boyle - BlackHawks : 0 - Flames : 7.
2:33 of 3rd period - Simon Gagne wins face-off versus Ryan Kesler in neutral zone.
2:50 of 3rd period - Off-side.
2:51 of 3rd period - Mathieu Darche wins face-off versus Dustin Brown in neutral zone.
3:08 of 3rd period - Shot by Dustin Brown.
3:08 of 3rd period - Stopped by Jose Theodore without a rebound.
3:09 of 3rd period - Shawn Horcoff wins face-off versus Zach Parise in BlackHawks zone.
3:16 of 3rd period - Shot by Jack Johnson.
3:16 of 3rd period - Shot Misses the Net.
5:20 of 3rd period - Shot by Dan Boyle.
5:20 of 3rd period - Shot Blocked by P.K. Subban.
5:22 of 3rd period - Shot by Michael Ryder.
5:22 of 3rd period - Goal by Michael Ryder - BlackHawks : 0 - Flames : 8.
5:22 of 3rd period - Martin Brodeur enters game.
5:23 of 3rd period - Zach Parise wins face-off versus Shawn Horcoff in neutral zone.
5:30 of 3rd period - Shot by Bryan Little.
5:30 of 3rd period - Shot Misses the Net.
5:39 of 3rd period - Icing by Jake Gardiner.
5:40 of 3rd period - Pierre-Marc Bouchard wins face-off versus Darren Helm in Flames zone.
6:05 of 3rd period - Shot by David Jones.
6:05 of 3rd period - Shot Misses the Net.
6:11 of 3rd period - Michael Grabner is hit by Brett Clark and loses puck.
6:17 of 3rd period - Pierre-Marc Bouchard is hit by Brett Clark and loses puck.
7:20 of 3rd period - Shot by Bryan Little.
7:20 of 3rd period - Shot Misses the Net.
7:22 of 3rd period - Shot by Zach Parise.
7:22 of 3rd period - Shot Misses the Net.
7:24 of 3rd period - Shot by Zach Parise.
7:24 of 3rd period - Stopped by Miikka Kiprusoff without a rebound.
7:25 of 3rd period - Samuel Pahlsson wins face-off versus Shawn Horcoff in Flames zone.
7:46 of 3rd period - Icing by P.K. Subban.
7:47 of 3rd period - Pierre-Marc Bouchard wins face-off versus Samuel Pahlsson in BlackHawks zone.
7:52 of 3rd period - Shot by Pierre-Marc Bouchard.
7:52 of 3rd period - Deflect By Michael Grabner.
7:52 of 3rd period - Shot Misses the Net.
7:54 of 3rd period - Shot by Michael Grabner.
7:54 of 3rd period - Shot Misses the Net.
8:08 of 3rd period - Shot by Pierre-Marc Bouchard.
8:08 of 3rd period - Deflect By Michael Grabner.
8:08 of 3rd period - Stopped by Martin Brodeur with a rebound.
8:10 of 3rd period - Shot by Jack Johnson.
8:10 of 3rd period - Shot Blocked by P.K. Subban.
8:19 of 3rd period - Icing by P.K. Subban.
8:20 of 3rd period - Samuel Pahlsson wins face-off versus Shawn Horcoff in BlackHawks zone.
8:36 of 3rd period - Dan Boyle is hit by Brett Clark and loses puck.
8:40 of 3rd period - Icing by Zach Parise.
8:41 of 3rd period - Ryan Kesler wins face-off versus Zach Parise in BlackHawks zone.
9:09 of 3rd period - Icing by Ryan Kesler.
9:10 of 3rd period - Ryan Kesler wins face-off versus Darren Helm in Flames zone.
9:47 of 3rd period - Minor Penalty to Mikael Samuelsson for Goalie Interference.
9:48 of 3rd period - Dustin Brown wins face-off versus Zach Parise in Flames zone.
10:15 of 3rd period - Shot by Simon Gagne.
10:15 of 3rd period - Shot Misses the Net.
10:39 of 3rd period - Shot by Tyler Kennedy.
10:39 of 3rd period - Shot Blocked by Jack Johnson.
10:41 of 3rd period - Shot by Darren Helm.
10:41 of 3rd period - Shot Misses the Net.
10:43 of 3rd period - Shot by P.K. Subban.
10:43 of 3rd period - Shot Blocked by Toni Lydman.
10:58 of 3rd period - Shot by P.K. Subban.
10:58 of 3rd period - Deflect By Jamie McGinn.
10:58 of 3rd period - Shot Blocked by Toni Lydman.
12:11 of 3rd period - Icing by P.K. Subban.
12:12 of 3rd period - Samuel Pahlsson wins face-off versus Pierre-Marc Bouchard in BlackHawks zone.
12:12 of 3rd period - Samuel Pahlsson is hit by David Jones.
12:15 of 3rd period - Icing by P.K. Subban.
12:16 of 3rd period - Samuel Pahlsson wins face-off versus Michael Grabner in BlackHawks zone.
12:59 of 3rd period - Icing by Bryce Salvador.
13:00 of 3rd period - David Jones wins face-off versus Zach Parise in Flames zone.
13:21 of 3rd period - Shot by Shawn Horcoff.
13:21 of 3rd period - Stopped by Martin Brodeur with a rebound.
13:25 of 3rd period - Shot by Shawn Horcoff.
13:25 of 3rd period - Stopped by Martin Brodeur without a rebound.
13:26 of 3rd period - Shawn Horcoff wins face-off versus Tyler Kennedy in BlackHawks zone.
13:38 of 3rd period - Icing by Anton Babchuk.
13:39 of 3rd period - Ryan Kesler wins face-off versus Darren Helm in BlackHawks zone.
13:42 of 3rd period - Shot by Dustin Brown.
13:42 of 3rd period - Shot Misses the Net.
14:22 of 3rd period - Shot by Dustin Brown.
14:22 of 3rd period - Stopped by Martin Brodeur with a rebound.
14:56 of 3rd period - Shot by Tomas Kopecky.
14:56 of 3rd period - Stopped by Martin Brodeur without a rebound.
14:57 of 3rd period - Michael Grabner wins face-off versus Samuel Pahlsson in BlackHawks zone.
15:06 of 3rd period - David Jones is hit by Samuel Pahlsson and loses puck.
16:19 of 3rd period - Shot by Mikael Samuelsson.
16:19 of 3rd period - Stopped by Martin Brodeur without a rebound.
16:20 of 3rd period - Darren Helm wins face-off versus Ryan Kesler in BlackHawks zone.
16:27 of 3rd period - Shot by Tyler Kennedy.
16:27 of 3rd period - Shot Misses the Net.
18:25 of 3rd period - Mathieu Darche is hit by Erik Johnson and loses puck.
18:52 of 3rd period - Bryce Salvador is hit by Louis Leblanc and loses puck.
19:16 of 3rd period - Shot by Ryan Kesler.
19:16 of 3rd period - Deflect By Cody Hodgson.
19:16 of 3rd period - Stopped by Martin Brodeur without a rebound.
19:17 of 3rd period - Shawn Horcoff wins face-off versus Darren Helm in BlackHawks zone.


Output by the SimonT Hockey Simulator (STHS) for Stephane Roy -- Original Page W3C XHTML 1.0 Valid
Hockey Simulator - Hockey Simulation - Hockey Manager